 Dungeon Crawl Stone Soup version 0.30-a0-2-gf48d83f5e2 (webtiles) character file.

Game seed: 14234965214461395803

135 KleinerIrrer the Magician (level 5, 0/31 HPs)
             Began as a Djinni Earth Elementalist on Aug 19, 2022.
             Slain by a water moccasin (6 damage)
             ... on level 3 of the Dungeon.
             The game lasted 00:07:50 (3749 turns).

KleinerIrrer the Magician (DjEE)                    Turns: 3749, Time: 00:07:51

Health: 0/31       AC:  2    Str:  7    XL:     5   Next: 42%
Gold:   25         EV: 12    Int: 18    God:
                   SH:  0    Dex: 14

rFire   + + .      SeeInvis .    j - +0 quarterstaff
rCold   x . .      Faith    .    (shield currently unavailable)
rNeg    . . .      Spirit   .    a - +0 robe
rPois   ∞          Reflect  .    (no helmet)
rElec   .          Harm     .    (no cloak)
rCorr   .          Rampage  .    (no gloves)
Will    .....                    (boots unavailable)
Stlth   ++........               (no amulet)
HPRegen 0.10/turn                (no ring)
MPRegen 0.00/turn                (no ring)

@: flying, hasted, very quick
A: sickness immunity, fire resistance 2, cold vulnerability 1, float, innate
caster, HP casting, extra vitality 1, frail 1, MP-powered wands
a: no special abilities


You were on level 3 of the Dungeon.
You visited 1 branch of the dungeon, and saw 4 of its levels.

You collected 25 gold pieces.

Inventory:

Hand Weapons
 j - a +0 quarterstaff (weapon)
Armour
 a - a +0 robe (worn)
 c - a +0 leather armour
Magical Staves
 k - a staff of conjuration
Scrolls
 d - a scroll of torment {unknown}
 e - a scroll of amnesia {unknown}
 f - 3 scrolls of identify {unknown}
 h - a scroll of butterflies {unknown}
Potions
 b - a potion of brilliance {unknown}
 g - a potion of curing
 l - 2 potions of haste
 m - a potion of ambrosia {unknown}
 n - a potion of might {unknown}


   Skills:
 - Level 2.1 Dodging
 - Level 1.5 Stealth
 + Level 4.4 Spellcasting


You couldn't memorise any spells.
You knew the following spells:

 Your Spells              Type           Power      Damage    Failure   Level
a - Sandblast             Erth           40%        2d10      2%          1
b - Passwall              Tmut/Erth      16%        N/A       3%          2
c - Stone Arrow           Conj/Erth      40%        3d9       7%          3
d - Petrify               Tmut/Erth      20%        N/A       22%         4
e - Apportation           Tloc           40%        N/A       2%          1
f - Call Imp              Summ           20%        N/A       3%          2
Your spell library was empty.

Dungeon Overview and Level Annotations

Branches:
Dungeon (4/15)
 Temple: D:4-7

Altars:

Shops:
D:4 ?


Innate Abilities, Weirdness & Mutations

You are immune to sickness and miasma.
You are immune to poison.
Your flesh is very heat resistant. (rF++)
You are vulnerable to cold. (rC-)
You float through the air rather than walking.
You learn spells naturally, not from books.
Your magical power is your life essence.
You have superior vitality. (+4 MHP)
You are frail. (-10% HP)
You expend health (3 HP) to strengthen your wands.


Message History

The water moccasin seems to slow down.
The water moccasin barely misses your white imp.
Your white imp misses the water moccasin.
The water moccasin bites your white imp but does no damage.
Your white imp closely misses the water moccasin.
The water moccasin bites your white imp but does no damage.
Your white imp barely misses the water moccasin.
The water moccasin misses your white imp.
Your white imp barely misses the water moccasin.
The water moccasin bites your white imp.
Your white imp is poisoned.
The water moccasin poisons your white imp!
Your white imp gestures at the water moccasin.
The puff of frost hits the water moccasin!
The water moccasin closely misses your white imp.
The water moccasin is no longer moving slowly.
Your white imp barely misses the water moccasin.
The water moccasin barely misses your white imp.
Your white imp hits the water moccasin but does no damage.
Your white imp dies!
Your white imp disappears in a puff of smoke!
Casting: Sandblast (safe; 2% risk of failure)
Confirm with . or Enter, or press ? or * to list all spells.
A beastly little devil appears in a puff of frigid air.
* * * LOW HITPOINT WARNING * * *
The water moccasin closely misses you.
You miss the water moccasin.
The water moccasin is heavily wounded.
The water moccasin barely misses you.
Unknown command.
Casting: Call Imp (safe; 3% risk of failure)
Confirm with . or Enter, or press ? or * to list all spells.
Aiming: Sandblast (safe; 2% risk of failure)
Press: ? - help, Shift-Dir - straight line, f - water moccasin
Aim: a water moccasin (black smoke, heavily wounded, ally target, 72% to hit)
The blast of sand hits the water moccasin!
The water moccasin is almost dead.
* * * LOW HITPOINT WARNING * * *
The water moccasin bites you.
You die...

......## ##.# #####.....###.##.
######.###.## #................ #
##.#.## #.###.....#...... ##.##
#.# ##<..###...## ##.# #.# #####
##.### #..# ##.## #.# #.## #...#
#.# #.# #...# ##'### ####.##
#@S§# ##..... #.....# ##5###
##....#5 # #..#..# #.#.##
##.....#.
####.....########....####).....##
'.......................'.......#
####...#.########....####.......#
# #...#.# #####.#.### ##.......
#.....# #.........# ##......
###(### #.###.###.# ##.....


You could see a water moccasin (ally target) and a friendly white imp
(summoned).

Vanquished Creatures
  6 adders
  A dart slug (D:1)
  5 ball pythons
  5 endoplasms
  5 giant cockroaches
  4 goblins
  6 hobgoblins
  4 kobolds
  6 quokkas
  3 bats
  2 frilled lizards
  6 rats
53 creatures vanquished.

Vanquished Creatures (collateral kills)
  2 adders (D:3)
  An endoplasm (D:4)
  2 quokkas (D:3)
  A ball python (D:4)
  A frilled lizard (D:3)
7 creatures vanquished.

Grand Total: 60 creatures vanquished

Notes
Turn   | Place    | Note
-------+----------+-------------------------------------------
     0 | D:1      | KleinerIrrer the Djinni Earth Elementalist began the quest
                  | for the Orb.
     0 | D:1      | KleinerIrrer set off with the following spells memorised:
                  | Sandblast, Passwall, Stone Arrow, Petrify.
     0 | D:1      | Reached XP level 1. HP: 15/15 MP: 0/0
   426 | D:1      | Reached XP level 2. HP: 20/21 MP: 0/0
   556 | D:1      | Found a faded altar of an unknown god.
   589 | D:1      | HP: 1/21 [hobgoblin (3)]
   596 | D:1      | Reached skill level 3 in Spellcasting
   910 | D:1      | Reached XP level 3. HP: 24/25 MP: 0/0
   910 | D:1      | Learned a level 1 spell: Apportation
  1845 | D:2      | Reached XP level 4. HP: 26/31 MP: 0/0
  2410 | D:3      | Reached skill level 4 in Spellcasting
  2877 | D:3      | Reached XP level 5. HP: 34/35 MP: 0/0
  2877 | D:3      | Learned a level 2 spell: Call Imp
  3718 | D:4      | Found Caxig's Magic Scroll Emporium.
  3721 | D:4      | Noticed a water moccasin
  3733 | D:3      | Gained mutation: You expend health (3 HP) to strengthen
                  | your wands. [potion of mutation]
  3733 | D:3      | Gained mutation: You are frail. (-10% HP) [potion of
                  | mutation]
  3749 | D:3      | Slain by a water moccasin

Illustrated notes

Levels and vault maps discovered:
D:1:      dpeg_arrival_three_same_balls, layout_basic,
          chequers_ecumenical_altar_island
D:2:      layout_loops_ring
D:3:      layout_loops_corners, minmay_unequal
D:4:      layout_basic, enter_ossuary_5, serial_shops,
          nicolae_shop_behind_doors, shop

Skill      XL: |  1  2  3  4 |
---------------+-------------+-----
Spellcasting   | 3 4 |  4.4
Dodging        | |  2.1
Stealth        | |  1.5

Action                   |  1- 3 |  4- 6 || total
-------------------------+-------+-------++-------
Melee: Hand axe          |    15 |       ||    15
       Quarterstaff      |       |    18 ||    18
 Cast: Sandblast         |    43 |    38 ||    81
       Call Imp          |       |    11 ||    11
  Use: Potion            |     1 |     3 ||     4
 Stab: Sleeping          |     1 |       ||     1
Armor: Robe              |     6 |     4 ||    10
Dodge: Dodged            |    31 |    44 ||    75

Table legend: (Time is in decaauts)
 A = Elapsed time spent in this place.
 B = Non-inter-level travel time spent in this place.
 C = Inter-level travel time spent in this place.
 D = Time resting spent in this place.
 E = Time spent auto-exploring this place.
 F = Levels seen in this place.
 G = Mean time per level.
                   A        B        C        D        E       F      G
               +--------+--------+--------+--------+--------+-----+--------+
         Total |   3790 |   3652 |    138 |    262 |   2927 |   4 |  947.5 |
       Dungeon |   3790 |   3652 |    138 |    262 |   2927 |   4 |  947.5 |
               +--------+--------+--------+--------+--------+-----+--------+

Top non-repeatable levels by time:
     D:3: 1373 daAuts
     D:2: 1248 daAuts
     D:1: 1151 daAuts
     D:4: 16 daAuts
